 Dungeon Crawl Stone Soup version 0.32-a0-411-g744942f433 (webtiles) character file.

Game seed: 5594899274586313170

692 mawlarkey the Chopper (level 7, -2/94 HPs)
             Began as a Minotaur Berserker on Feb 20, 2024.
             Was a Believer of Trog.
             Killed by nerve-wracking pain
             ... invoked by a shadow imp
              (13 damage)
             ... on level 5 of the Dungeon.
             The game lasted 00:22:59 (3167 turns).

mawlarkey the Chopper (Minotaur Berserker)          Turns: 3167, Time: 00:23:00

Health: -2/94      AC:  7    Str: 24    XL:     7   Next: 36%
Magic:  6/6        EV: 11    Int:  4    God:    Trog [**....]
Gold:   179        SH:  0    Dex:  9    Spells: 6/6 levels left

rFire   . . .        d - +0 war axe
rCold   . . .        (no shield)
rNeg    . . .        n - +0 scale mail
rPois   .            (helmet restricted)
rElec   .            (no cloak)
rCorr   .            (no gloves)
SInv    .            (no boots)
Will    .....        (no amulet) Stlth
                     r - +4 ring of slaying
HPRegen 0.35/turn    (no ring)
MPRegen 0.10/turn

%: no passive effects
@: berserking (expiring), very quick
A: horns 2, retaliatory headbutt
a: Renounce Religion, Berserk, Trog's Hand


You were on level 5 of the Dungeon.
You worshipped Trog.
Trog was pleased with you.
You visited 1 branch of the dungeon, and saw 5 of its levels.

You collected 179 gold pieces.

Inventory:

Hand Weapons
 a - a +0 hand axe
 d - a +0 war axe (weapon)
Armour
 n - a +0 scale mail (worn)
Magical Staves
 i - a staff of cold
Jewellery
 r - a +4 ring of slaying (left hand)
Wands
 s - a wand of light (9)
Scrolls
 b - 2 scrolls of noise {unknown}
 f - 3 scrolls of identify
 k - a scroll of silence
 o - a scroll of amnesia {unknown}
 t - a scroll of fear {unknown}
Potions
 c - a potion of attraction {unknown}
 e - 2 potions of enlightenment {unknown}
 g - a potion of haste {unknown}
 h - a potion of might {unknown}
 j - a potion of curing {unknown}
 l - a potion of brilliance {unknown}
 m - a potion of magic {unknown}
 p - a potion of berserk rage {unknown}
 q - a potion of degeneration {unknown}


   Skills:
 + Level 6.0 Fighting
 + Level 6.1 Axes
 + Level 5.4 Armour
 + Level 4.8 Dodging


You had 6 spell levels left.
You didn't know any spells.
Your spell library was empty.

Dungeon Overview and Level Annotations

Branches:
Dungeon (5/15) Zot: 26737
 Temple: D:4-7

Altars:
Kikubaaqudgha
Okawaru

Shops:
D:4 :?:


Innate Abilities, Weirdness & Mutations

You have a pair of horns on your head.
You reflexively headbutt those who attack you in melee.


Message History

You hit the orc.
The orc is lightly wounded.
You slash the ogre! You slash the orc!
You kill the orc!
Trog accepts your kill. The orc closely misses you.
The ogre hits you with a +0 giant club!
* * * LOW HITPOINT WARNING * * *
You slash the ogre!
You kill the ogre!
Trog accepts your kill.
You slash the orc!
You kill the orc!
Trog accepts your kill.
Your Fighting skill increases to level 6!
Your Axes skill increases to level 6!
You are too berserk!
The shadow imp gestures at you. Pain shoots through your body!
* * * LOW HITPOINT WARNING * * *
An orc wizard comes into view. It is wielding a +0 dagger.
Things that are here:
a +0 giant club; an ogre corpse; a hound corpse A troll comes into view.
You feel a strong urge to attack something.
The troll shouts!
The orc wizard shouts!
You hear a shout!
You hear an angry hiss.
A scorpion comes into view.
A black bear comes into view.
The black bear growls angrily.
You slice the orc!!
You kill the orc!
Trog accepts your kill.
You hit the orc wizard.
An iguana comes into view.
The orc wizard casts a spell.
The orc wizard flickers and vanishes!
Deactivating autopickup; reactivate with Ctrl-A.
An iguana comes into view.
The shadow imp gestures at you. Pain shoots through your body!
You die...

+...)'....'......
##+####....######......
#.....#........ #......
#.....#.####### #......
#.....#.# #......
#.....#.# #......
#.....#.# # #....(.
#....)#.###...# #......
##....@{..?.# ######.
######)###.# . .5.. .
.#T#.# . ...g..# .. ##h
# ..# l. ... l#


You could see a troll, a black bear, a gnoll sergeant, 2 iguanas and a shadow
imp.

Vanquished Creatures
  An ogre (D:5)
  2 scorpions
  A bombardier beetle (D:5)
  5 hounds
  Jessica (D:2)
  A sleepcap (D:5)
  Terence (D:2)
  An orc wizard (D:2)
  A gnoll (D:1)
  5 adders
  2 dart slugs
  A ribbon worm (D:2)
  15 orcs
  4 bats
  7 endoplasms
  2 giant cockroaches
  5 goblins
  8 hobgoblins
  3 quokkas
  8 ball pythons
  2 frilled lizards
  4 kobolds
  5 rats
85 creatures vanquished.

Notes
Turn   | Place    | Note
-------+----------+-------------------------------------------
     0 | D:1      | mawlarkey the Minotaur Berserker began the quest for the
                  | Orb.
     0 | D:1      | Reached XP level 1. HP: 19/19 MP: 0/0
   161 | D:1      | Reached XP level 2. HP: 27/27 MP: 1/1
   838 | D:2      | Reached XP level 3. HP: 33/33 MP: 2/2
   850 | D:2      | Noticed Terence
   854 | D:2      | Killed Terence
   942 | D:2      | Reached XP level 4. HP: 40/40 MP: 3/3
  1195 | D:2      | Noticed Jessica
  1208 | D:2      | Killed Jessica
  1658 | D:2      | Reached XP level 5. HP: 47/47 MP: 4/4
  1658 | D:2      | Reached ** piety under Trog
  2197 | D:3      | Reached skill level 5 in Axes
  2518 | D:4      | Reached skill level 5 in Fighting
  2543 | D:4      | Found Paunujoi's Magic Scroll Shop.
  2581 | D:4      | Found Raluet's Book Shoppe.
  2610 | D:4      | Found an ancient bone altar of Kikubaaqudgha.
  2616 | D:4      | Reached XP level 6. HP: 51/56 MP: 5/5
  2739 | D:4      | Found an iron altar of Okawaru.
  2782 | D:4      | Found Veblac's Book Emporium.
  3019 | D:5      | Entered Level 5 of the Dungeon
  3042 | D:5      | Reached skill level 5 in Armour
  3045 | D:5      | Reached XP level 7. HP: 62/62 MP: 6/6
  3166 | D:5      | Noticed a troll
  3167 | D:5      | Killed from afar by a shadow imp

Illustrated notes

Levels and vault maps discovered:
D:1:      dpeg_arrival_more_subterranean_lakeside_camping, layout_basic
D:2:      layout_basic, uniq_jessica, uniq_terence
D:3:      layout_basic
D:4:      layout_basic, mainiacjoe_overflow_concentric_impassable,
          kiku_gazebo_pond_becter, serial_shops, shop, shop, shop,
          uniq_eustachio
D:5:      layout_basic, ebering_ghost_inner_flame, st_stairs_4, minmay_bent

Skill      XL: |  1  2  3  4  5  6  7 |
---------------+----------------------+-----
Axes           | 4 5 6 |  6.1
Fighting       | 4 5 6 |  6.0
Armour         | 3 4 5 |  5.4
Dodging        | 3 4 |  4.8

Action                     |  1- 3 |  4- 6 |  7- 9 || total
---------------------------+-------+-------+-------++-------
  Melee: Hand axe          |    27 |    79 |       ||   106
         Headbutt          |     2 |    17 |     2 ||    21
         War axe           |       |    53 |     8 ||    61
 Invoke: Berserk           |     2 |     6 |     1 ||     9
    Use: Scroll            |       |     2 |       ||     2
 Armour: Scale mail        |    13 |    75 |    10 ||    98
         Animal skin       |     1 |       |       ||     1
  Dodge: Dodged            |    14 |    72 |     4 ||    90

Table legend: (Time is in decaauts)
 A = Elapsed time spent in this place.
 B = Non-inter-level travel time spent in this place.
 C = Inter-level travel time spent in this place.
 D = Time resting spent in this place.
 E = Time spent auto-exploring this place.
 F = Levels seen in this place.
 G = Mean time per level.
                   A        B        C        D        E       F      G
               +--------+--------+--------+--------+--------+-----+--------+
         Total |   3262 |   2938 |    324 |    376 |      0 |   5 |  652.4 |
       Dungeon |   3262 |   2938 |    324 |    376 |      0 |   5 |  652.4 |
               +--------+--------+--------+--------+--------+-----+--------+

Top non-repeatable levels by time:
     D:2: 1212 daAuts
     D:1: 848 daAuts
     D:4: 541 daAuts
     D:3: 497 daAuts
     D:5: 161 daAuts
